 Dungeon Crawl Stone Soup version 0.24-a0-375-g4de66ed42b (webtiles) character file.

Game seed: 15811637639681316410

2454 Laiders72 the Cleaver (level 9, -6/82 (85) HPs)
             Began as a Hill Orc Fighter on May 25, 2019.
             Mangled by a large abomination (26 damage)
             ... on level 2 of the Abyss on May 31, 2019.
             The game lasted 00:16:45 (4499 turns).

Laiders72 the Cleaver (Hill Orc Fighter)            Turns: 4499, Time: 00:16:46

HP:   -6/82 (85)    AC: 13    Str: 21    XL:     9   Next: 50%
MP:   9/9           EV:  4    Int:  8    God:
Gold: 406           SH:  9    Dex: 11    Spells: 8/8 levels left

rFire    . . .     SeeInvis .   a - +0 war axe
rCold    + . .     Gourm    .   c - +0 shield
rNeg     . . .     Faith    .   C - +0 plate armour
rPois    .         Spirit   .   (no helmet)
rElec    .         Reflect  .   k - +0 cloak
rCorr    .         Harm     .   w - +0 pair of gloves
MR       .....                  (no boots)
Stlth    ..........             q - amulet of regeneration
HPRegen  0.63/turn              v - ring of protection from cold
MPRegen  0.11/turn              (no ring)

@: no status effects
A: no striking features
a: no special abilities


You were on level 2 of the Abyss.
You were hungry.

You visited 1 branch of the dungeon, and saw 6 of its levels.
You visited the Abyss 1 time.

You collected 406 gold pieces.

Inventory:

Hand Weapons
 a - a +0 war axe (weapon)
Armour
 b - +0 fire dragon scales
 c - a +0 shield (worn)
 k - a +0 cloak (worn)
 w - a +0 pair of gloves (worn)
 C - a +0 plate armour (worn)
Jewellery
 q - an amulet of regeneration (around neck)
 v - a ring of protection from cold (left hand)
 D - an uncursed ring of protection from magic
Wands
 d - a wand of flame (16)
 y - a wand of paralysis (4)
 B - a wand of digging (6)
Scrolls
 g - 3 scrolls of enchant weapon {unknown}
 j - 2 scrolls of magic mapping {unknown}
 l - 6 scrolls of teleportation {unknown}
 n - a scroll of enchant armour {unknown}
 s - a scroll of fog {unknown}
 A - a scroll of remove curse {unknown}
Potions
 e - a potion of invisibility {unknown}
 h - a potion of magic {unknown}
 i - 2 potions of haste
 m - 2 potions of mutation
 o - 3 potions of lignification
 p - a potion of cancellation {unknown}
 r - a potion of curing {unknown}
 t - a potion of degeneration {unknown}
 u - a potion of heal wounds
 z - 2 potions of flight {unknown}
Comestibles
 f - 9 rations


   Skills:
 - Level 10.0 Fighting
 + Level 12.1 Axes
 - Level 3.2 Armour
 - Level 4.4 Shields


You had 8 spell levels left.
You didn't know any spells.
Your spell library contained the following spells:

 Spells                   Type           Power        Failure   Level  Hunger
 Confusing Touch          Hex            #.....       100%        1    ##.....
 Confuse                  Hex            #.......     100%        3    ####...
 Gell's Gravitas          Tloc           #.........   100%        3    ####...
 Petrify                  Tmut/Erth      #.......     100%        4    #####..
 Metabolic Englaciation   Hex/Ice        #.........   100%        5    ######.
 Yara's Violent Unravell  Hex/Tmut       #.........   100%        5    ######.


Dungeon Overview and Level Annotations

Branches:
Dungeon (6/15)
 Temple: D:4-7

Altars:
Cheibriados

Shops:
D:5 :

Annotations:
D:6 Crazy Yiuf


Message History

You hit the large abomination but do no damage.
The large abomination is heavily damaged.
The large abomination hits you!!
* * * LOW HITPOINT WARNING * * *
You hear a croak.
You hit the large abomination.
The large abomination is heavily damaged.
The large abomination hits you but does no damage.
You are feeling hungry.
You completely miss the large abomination.
The large abomination is heavily damaged.
A small abomination comes into view.
The large abomination hits you.
* * * LOW HITPOINT WARNING * * *
You slash the large abomination!
The large abomination is severely damaged.
You hit the large abomination.
The large abomination is almost destroyed.
The large abomination hits you!!
You die...

### ##.# #.
..####..#
#.....#
###.....
###..X##ยง#
###.#..@##
#........#
##.#..#..#..#
#...#.##.#.###
# # ..#####x#
# .# # #. # #.
.. #.#.### ..#
. .. .


You could see a large abomination and a small abomination.

Vanquished Creatures
  Grinder (D:3)
  A large abomination (Abyss:2)
  A steam dragon (D:5)
  2 sky beasts (D:5)
  An ogre (D:5)
  2 necrophages
  A phantom (D:5)
  2 centaurs
  Blork the orc (D:6)
  A bullfrog (D:6)
  3 crimson imps
  A bullfrog zombie (D:5)
  2 centaur skeletons
  2 hounds
  4 jellies
  An orc priest (D:5)
  2 orc wizards (D:3)
  Jessica (D:3)
  An iguana (D:5)
  Natasha (thrice) (D:2)
  6 worker ants
  A hound zombie (D:5)
  A hound skeleton (D:5)
  7 adders
  12 gnolls
  A howler monkey skeleton (D:6)
  2 shadow imps
  14 oozes
  2 adder skeletons
  5 worms
  3 dart slugs
  8 leopard geckos
  13 orcs
  5 giant cockroaches
  10 goblins
  7 hobgoblins
  16 jackals
  6 quokkas
  2 ball pythons
  8 bats
  4 frilled lizards
  A giant cockroach zombie (D:5)
  15 kobolds
  A leopard gecko zombie (D:5)
  2 quokka zombies
  4 rats
189 creatures vanquished.

Vanquished Creatures (others)
  3 fungi (D:4)
  11 toadstools (D:4)
14 creatures vanquished.

Grand Total: 203 creatures vanquished

Notes
Turn   | Place    | Note
-------+----------+-------------------------------------------
     0 | D:1      | Laiders72 the Hill Orc Fighter began the quest for the Orb.
     0 | D:1      | Reached XP level 1. HP: 19/19 MP: 1/1
    39 | D:1      | Reached skill level 3 in Axes
    39 | D:1      | Reached XP level 2. HP: 26/27 MP: 2/2
   362 | D:1      | Reached XP level 3. HP: 28/33 MP: 3/3
   960 | D:2      | Noticed a necrophage
   970 | D:2      | Killed a necrophage
   970 | D:2      | Reached skill level 4 in Axes
   970 | D:2      | Reached XP level 4. HP: 15/39 MP: 4/4
   970 | D:2      | Reached XP level 5. HP: 17/45 MP: 5/5
  1255 | D:2      | Noticed Natasha
  1262 | D:2      | Reached skill level 5 in Fighting
  1274 | D:2      | Killed Natasha
  1404 | D:2      | Reached skill level 5 in Axes
  1452 | D:2      | Noticed Natasha
  1460 | D:2      | Killed Natasha
  1531 | D:2      | Noticed Natasha
  1538 | D:2      | Killed Natasha
  1538 | D:2      | Reached XP level 6. HP: 50/54 MP: 6/6
  1893 | D:3      | Noticed Grinder
  1907 | D:3      | Paralysed by Grinder for 5 turns
  1918 | D:3      | Killed Grinder
  1918 | D:3      | Reached skill level 6 in Axes
  1918 | D:3      | Reached XP level 7. HP: 26/62 MP: 7/7
  2016 | D:3      | Noticed Jessica
  2030 | D:3      | Killed Jessica
  2030 | D:3      | Reached skill level 7 in Axes
  2837 | D:4      | Reached skill level 8 in Axes
  2850 | D:4      | Reached XP level 8. HP: 56/72 MP: 8/8
  2980 | D:5      | Entered Level 5 of the Dungeon
  3134 | D:5      | Found Xaickant's Book Shop.
  3190 | D:5      | Reached skill level 9 in Axes
  3353 | D:5      | Found a snail-covered altar of Cheibriados.
  3467 | D:5      | Reached skill level 10 in Axes
  3485 | D:5      | Reached XP level 9. HP: 83/83 MP: 9/9
  3606 | D:5      | Reached skill level 10 in Fighting
  3863 | D:6      | Upgraded the game from 0.24-a0-358-g53aee78b01 to
                  | 0.24-a0-375-g4de66ed42b
  4093 | D:6      | Noticed Blork the orc
  4121 | D:6      | Killed Blork the orc
  4121 | D:6      | Reached skill level 11 in Axes
  4323 | D:6      | Found a runed translucent door.
  4324 | D:6      | Noticed Crazy Yiuf
  4377 | D:6      | Cast into level 2 of the Abyss (Crazy Yiuf)
  4475 | Abyss:2  | Reached skill level 12 in Axes
  4499 | Abyss:2  | Mangled by a large abomination

Levels and vault maps discovered:
D:1:      dpeg_arrival_orchard, layout_loops_ring
D:2:      layout_basic, uniq_natasha
D:3:      layout_rooms, uniq_jessica, uniq_grinder
D:4:      cheibrodos_fertilizer, layout_rooms
D:5:      minmay_clustersquares, layout_cave_pools, first_ration, serial_shops,
          shop_fountains, cheibriados_altar_1
D:6:      layout_basic, uniq_blork_the_orc, uniq_crazy_yiuf_cottage
Abyss:2

Skill      XL: |  1  2  3  4  5  6  7  8  9 |
---------------+----------------------------+-----
Axes           | 3 4 5 6 8 10 12 | 12.1
Fighting       | 4 5 6 7 9 10 | 10.0
Shields        | 4 |  4.4
Armour         | |  3.2

Action                   |  1- 3 |  4- 6 |  7- 9 || total
-------------------------+-------+-------+-------++-------
Melee: War axe           |   105 |   141 |   408 ||   654
       Unarmed           |       |       |     1 ||     1
  Use: Scroll            |       |     1 |     3 ||     4
       Potion            |       |     1 |       ||     1
  Eat: Chunk             |       |     4 |     5 ||     9
       Ration            |       |       |     1 ||     1
Armor: Scale mail        |    63 |    61 |    19 ||   143
       Chain mail        |       |       |   108 ||   108
       Plate armour      |       |       |    71 ||    71
Dodge: Dodged            |    43 |    48 |    71 ||   162
Block: Shield            |    66 |    78 |   198 ||   342

Table legend:
 A = Non-vault XP
 B = Vault XP
 C = Vault XP percentage of total XP
 D = Non-vault monster count
 E = Vault monster count
 F = Vault count percentage of total count
                 A         B        C        D         E       F
            +---------+---------+-------+---------+---------+-------
      Total |    2515 |     991 |  28.3 |     161 |      28 |  14.8
            +---------+---------+-------+---------+---------+-------
        D:1 |      40 |       0 |   0.0 |      23 |       0 |   0.0
        D:2 |     278 |      35 |  11.2 |      31 |       1 |   3.1
        D:3 |     201 |     299 |  59.8 |      32 |       2 |   5.9
        D:4 |     241 |     153 |  38.8 |      27 |      17 |  38.6
        D:5 |     933 |     404 |  30.2 |      27 |       7 |  20.6
        D:6 |     630 |     100 |  13.7 |      20 |       1 |   4.8
    Abyss:2 |     192 |       0 |   0.0 |       1 |       0 |   0.0
            +---------+---------+-------+---------+---------+-------
